 Dungeon Crawl Stone Soup version 0.21.1-1-g345015fe64 (webtiles) character file.

62 Htamos the Ducker (level 3, -9/15 HPs)
             Began as a Felid Air Elementalist on July 2, 2018.
             Killed by divine providence
             ... invoked by an orc priest
              (13 damage)
             ... on level 2 of the Dungeon.
             The game lasted 00:09:14 (2209 turns).

Htamos the Ducker (Felid Air Elementalist)          Turns: 2209, Time: 00:09:15

Health: -9/15      AC:  1    Str:  4    XL:     3   Next: 85%
Magic:  7/7        EV: 18    Int: 17    God:
Gold:   65         SH:  0    Dex: 16    Spells: 5/6 levels left
                                        Lives:  0   Deaths: 0

rFire    . . .     SeeInvis +   (weapon unavailable)
rCold    . . .     Gourm    .   (shield unavailable)
rNeg     . . .     Faith    .   (armour unavailable)
rPois    +         Spirit   .   (helmet unavailable)
rElec    .         Reflect  .   (cloak unavailable)
rCorr    .         Harm     .   (gloves unavailable)
MR       .....                  (boots unavailable)
Stlth    +++.......             (no amulet)
HPRegen  0.05/turn              h - ring of poison resistance
MPRegen  0.10/turn              (no ring)

@: quick
A: very small, no armour, no weapons or thrown items, stealth, claws 1, fangs 3,
see invisible, carnivore, speed 1, shaggy fur 1, slow metabolism 1, sharp paws
a: no special abilities


You were on level 2 of the Dungeon.
You were hungry.

You visited 1 branch of the dungeon, and saw 2 of its levels.

You collected 65 gold pieces.

Inventory:

Jewellery
 h - a ring of poison resistance (left paw)
Scrolls
 c - a scroll of fear {unknown}
 d - a scroll of immolation {unknown}
 e - a scroll of enchant armour {unknown}
 f - a scroll of remove curse {unknown}
 g - 2 scrolls of identify {unknown}
 j - a scroll of teleportation {unknown}
 k - a scroll of magic mapping {unknown}
Potions
 i - 2 potions of magic {unknown}
 l - a potion of ambrosia {unknown}
 m - a potion of invisibility {unknown}
Books
 a - a book of Air

   Spells                             Type                      Level
   a - Shock                          Conjuration/Air              1
   b - Swiftness                      Charms/Air                   2
   c - Static Discharge               Conjuration/Air              3
   d - Airstrike                      Air                          4
   e - Lightning Bolt                 Conjuration/Air              5
Comestibles
 b - 5 rations


   Skills:
 * Level 1.0 Fighting
 * Level 3.3 Dodging
 * Level 3.2 Stealth
 * Level 0.9 Unarmed Combat
 + Level 2.4 Spellcasting
 + Level 1.1 Conjurations
 + Level 3.2 Air Magic


You had 5 spell levels left.
You knew the following spells:

 Your Spells              Type           Power        Failure   Level  Hunger
a - Shock                 Conj/Air       #...         8%          1    #......


Dungeon Overview and Level Annotations

Branches:
Dungeon (2/15)

Altars:
Fedhas
Zin


Innate Abilities, Weirdness & Mutations

You cannot wear armour.
You are incapable of wielding weapons or throwing items.
Your paws allow you to move quietly. (Stealth)
You have sharp claws.
You have razor-sharp teeth.
You have supernaturally acute eyesight. (SInv)
You are carnivorous and can eat meat at any time.
You cover ground quickly.
You are covered in fur. (AC +1)
You have a slow metabolism.
Your sharp claws are effective at attacking unaware monsters.


Message History

You enter the transporter and appear at another place.
The orc priest miscasts a cantrip.
You see here a viscous black potion.
You are feeling hungry.
The orc priest miscasts a cantrip.
There is a transporter here.
You enter the transporter and appear at another place.
The orc priest hits you with a flail!
Ouch! That really hurt!
* * * LOW HITPOINT WARNING * * *
Casting: Shock
Confirm with . or Enter, or press ? or * to list all spells.
Aiming: Shock
Press: ? - help, Shift-Dir - straight line That beam is likely to hit you.
Continue anyway?
Okay, then.
The orc priest invokes the aid of Beogh against you.
Beogh smites you!
Ouch! That really hurt!
You die...

#.#...........#####
#.#.####.....<.....
#.#.# ############
#.#.# #...#
#...#########
#........>..#
#..########.# #.@#
#.# ##### #..# #.#
#.... ######..# #.#
#.### #......o# #.#
#.# #.#####.#####
#.# #.### #.#
#.#...## #.# #.##.
#.#
##......###.###)#.#
#.#
##.....©.........>##
#.#
#..#########..##.##


You could see an orc priest.

Vanquished Creatures
  2 adders (D:2)
  A worm (D:2)
  A leopard gecko (D:1)
  An orc (D:2)
  3 hobgoblins
  7 jackals
  A quokka (D:2)
  A ball python (D:2)
  3 bats
  A frilled lizard (D:1)
  6 goblins
  5 kobolds
  A leopard gecko skeleton (D:2)
  6 rats
39 creatures vanquished.

Notes
Turn   | Place    | Note
-------+----------+-------------------------------------------
     0 | D:1      | Htamos the Felid Air Elementalist began the quest for the Orb.
     0 | D:1      | Reached XP level 1. HP: 7/7 MP: 4/4
   397 | D:1      | Reached XP level 2. HP: 11/11 MP: 0/6
  1224 | D:2      | Reached skill level 1 in Conjurations
  1224 | D:2      | Reached XP level 3. HP: 15/15 MP: 1/7
  1344 | D:2      | Found a glowing silver altar of Zin.
  1345 | D:2      | Found a blossoming altar of Fedhas.
  1352 | D:2      | Found a transporter.
  1361 | D:2      | Found a transporter.
  2167 | D:2      | Reached skill level 1 in Fighting
  2209 | D:2      | Killed from afar by an orc priest

Skill      XL: |  1  2  3 |
---------------+----------+-----
Air Magic      | 3 |  3.2
Dodging        | 3 |  3.3
Stealth        | 3 |  3.2
Conjurations   | 1 |  1.1
Fighting       | 1 |  1.0
Unarmed Combat | |  0.9
Spellcasting   | |  2.4

Action                   || total
-------------------------++-------
Melee: Unarmed           ||    25
       Bite              ||     1
 Cast: Shock             ||    86
  Eat: Chunk             ||     2
Armor: Skin              ||     7
Dodge: Dodged            ||    63
